 Seeded DCSS version 0.28-a0-537-g3bccd9ccbf (webtiles) character file.

Game seed: 5869214971626741560 (custom seed)

3839 a11behringer the Fencer (level 9, -6/70 HPs)
             Began as a Minotaur Berserker on Sept 27, 2021.
             Was a Priest of Trog.
             Mangled by an orc warrior (27 damage)
             ... in a bailey.
             The game lasted 00:36:20 (8709 turns).

a11behringer the Fencer (Minotaur Berserker)        Turns: 8709, Time: 00:36:20

Health: -6/70      AC:  7    Str: 23    XL:     9   Next: 98%
Magic:  8/8        EV: 12    Int:  4    God:    Trog [***...]
Gold:   93         SH:  5    Dex: 12    Spells: 8/8 levels left

rFire   . . .      SeeInvis .   l - +5 great sword
rCold   + . .      Faith    .   (shield currently unavailable)
rNeg    . . .      Spirit   .   k - +0 leather armour
rPois   .          Reflect  +   (helmet restricted)
rElec   .          Harm     .   d - +1 cloak
rCorr   .          Rampage  .   (no gloves)
Will    +++..                   p - +1 pair of boots {Fly}
Stlth   +.........              c - amulet of reflection
HPRegen 1.21/turn               f - ring of willpower
MPRegen 0.11/turn               s - ring of protection from cold

@: strong-willed, flying, regenerating
A: horns 2, retaliatory headbutt
a: Renounce Religion, Berserk, Trog's Hand


You were in a bailey.
You worshipped Trog.
Trog was most pleased with you.
You visited 2 branches of the dungeon, and saw 9 of its levels.
You also visited: Bailey.

You collected 250 gold pieces.
You spent 157 gold pieces at shops.

Inventory:

Hand Weapons
 a - a +1 falchion
 l - a +5 great sword (weapon)
 q - a +0 long sword
Missiles
 i - 14 boomerangs (quivered)
 n - 2 throwing nets
Armour
 b - a +0 animal skin
 d - a +1 cloak (worn)
 k - a +0 leather armour (worn)
 o - a +0 scale mail
 p - a +1 pair of boots of flying (worn)
 t - a +0 buckler
 v - a +0 plate armour
Jewellery
 c - an amulet of reflection (around neck)
 f - a ring of willpower (left hand)
 s - a ring of protection from cold (right hand)
 u - an amulet of guardian spirit
Wands
 j - a wand of digging (6)
 x - a wand of iceblast (7)
Scrolls
 h - 3 scrolls of identify
 m - 3 scrolls of blinking
Potions
 e - 2 potions of degeneration
 g - a potion of brilliance
 r - a potion of ambrosia
 w - a potion of magic {unknown}
 z - a potion of flight {unknown}


   Skills:
 - Level 3.6 Fighting
 * Level 16.4 Long Blades
 * Level 1.6 Throwing
 * Level 3.2 Armour
 - Level 2.1 Dodging
 - Level 3.0 Shields


You had 8 spell levels left.
You didn't know any spells.
Your spell library was empty.

Dungeon Overview and Level Annotations

Branches:
Dungeon (8/15)             Temple (1/1) D:7          Bailey (1/1)
   Lair: D:8-11

Altars:
Ashenzari
Dithmenos
Fedhas
Okawaru
Qazlal
Uskayaw
Zin

Shops:
D:2 ([*


Innate Abilities, Weirdness & Mutations

You have a pair of horns on your head.
You reflexively headbutt those who attack you in melee.


Message History

The world spins around you as you enter the gateway.
You enter a bailey!
Found a gate leading back out of this place.
There is an empty arch of ancient stone here.
HP restored.
There is a gate leading back out of this place here.
Found a gate leading back out of this place.
An orc warrior comes into view. It is wielding a +0 halberd.
The orc warrior shouts!
An orc comes into view. It is wielding a +0 spear.
The orc shouts!
The orc warrior hits you from afar with a +0 halberd!!
An orc warrior comes into view. It is wielding a +0 bardiche.
The orc warrior shouts!
You barely miss the orc warrior.
The orc warrior hits you with a +0 halberd!
You hit the orc warrior.
The orc warrior is moderately wounded.
You closely miss the orc warrior.
The orc warrior is moderately wounded.
The orc warrior hits you with a +0 halberd!
* * * LOW HITPOINT WARNING * * *
An orc comes into view. It is wielding a +0 halberd.
The orc shouts!
You hit the orc warrior but do no damage.
The orc warrior is moderately wounded.
You block the orc warrior's attack. You block the orc's attack.
You barely miss the orc warrior.
The orc warrior is moderately wounded.
The orc warrior hits you but does no damage.
You slice the orc warrior!!
You kill the orc warrior!
Trog accepts your kill.
Your skin crawls.
You feel strong-willed.
The orc warrior hits you from afar with a +0 bardiche!
* * * LOW HITPOINT WARNING * * *
You block the orc's attack.
The orc warrior hits you from afar with a +0 bardiche!!
You die...

### ####∩#
####..∩##
##...####
##.########
#......@..#
##≈≈≈≈≈≈≈.#
#####.o≈.#
##o≈.#
#o≈.#
##.)≈.#
#..≈≈.#
#..≈≈.∩#
#..≈≈.##


You could see an orc warrior and 2 orcs.

Vanquished Creatures
  2 hornets
  A wraith (D:7)
  Eustachio (D:5)
  A wyvern (D:8)
  2 water moccasins
  3 orc warriors
  4 black bears
  2 necrophages (D:6)
  A sky beast (D:7)
  An ogre (D:5)
  3 centaurs
  2 kobold brigands
  2 bullfrogs
  4 scorpions
  2 killer bees (D:7)
  5 wights (D:6)
  3 howler monkeys (D:8)
  A centaur zombie (D:8)
  A bullfrog zombie (D:6)
  A bullfrog skeleton (D:6)
  A hound (D:7)
  A gnoll shaman (D:4)
  3 centaur skeletons
  A scorpion zombie (D:5)
  2 iguanas
  3 orc wizards
  A hound skeleton (D:5)
  A howler monkey zombie (D:7)
  A howler monkey skeleton (D:7)
  3 adders
  7 gnolls
  A shadow imp (D:7)
  2 white imps
  An ufetubus (D:5)
  A worm (D:4)
  An adder skeleton (D:4)
  A dart slug (D:3)
  32 orcs
  3 bats
  6 endoplasms
  4 giant cockroaches
  13 goblins
  5 hobgoblins
  2 jackals (D:5)
  14 kobolds
  6 quokkas
  5 ball pythons
  6 frilled lizards
  4 rats (D:1)
173 creatures vanquished.

Vanquished Creatures (others)
  An orc wizard (D:8)
  3 fungi (D:6)
  A plant (D:6)
5 creatures vanquished.

Grand Total: 178 creatures vanquished

Notes
Turn   | Place    | Note
-------+----------+-------------------------------------------
     0 | D:1      | a11behringer the Minotaur Berserker began the quest for the
                  | Orb.
     0 | D:1      | Reached XP level 1. HP: 19/19 MP: 0/0
    33 | D:1      | Reached skill level 4 in Long Blades
   291 | D:1      | Reached XP level 2. HP: 24/26 MP: 1/1
   701 | D:1      | Reached skill level 5 in Long Blades
   737 | D:1      | Reached ** piety under Trog
   766 | D:1      | Reached XP level 3. HP: 30/31 MP: 2/2
  1023 | D:1      | You fall into a shaft and drop 1 floor!
  1023 | D:2      | Found Ekiheazupp's Antique Armour Emporium.
  1097 | D:2      | Found Diown's Antique Weapon Emporium.
  1143 | D:2      | Found Wige's General Store.
  1841 | D:2      | Reached skill level 6 in Long Blades
  1841 | D:2      | Reached XP level 4. HP: 38/39 MP: 3/3
  2048 | D:3      | Found a glowing silver altar of Zin.
  2424 | D:3      | Found a shadowy altar of Dithmenos.
  2751 | D:4      | Noticed a scorpion
  2757 | D:4      | Killed a scorpion
  2758 | D:4      | Reached skill level 7 in Long Blades
  2758 | D:4      | Reached XP level 5. HP: 39/45 MP: 4/4
  3572 | D:4      | Noticed a fire elemental
  3574 | D:4      | Found a stormy altar of Qazlal.
  3577 | D:4      | Noticed an air elemental
  3577 | D:4      | Noticed a water elemental
  3669 | D:4      | Reached skill level 8 in Long Blades
  3698 | D:4      | Noticed a black bear
  3703 | D:4      | Killed a black bear
  3704 | D:4      | Reached XP level 6. HP: 51/51 MP: 5/5
  3893 | D:4      | Found an iron altar of Okawaru.
  4036 | D:5      | Entered Level 5 of the Dungeon
  4053 | D:5      | Reached skill level 9 in Long Blades
  4053 | D:5      | Reached skill level 1 in Shields
  4086 | D:5      | Reached XP level 7. HP: 39/57 MP: 6/6
  4248 | D:5      | Reached skill level 10 in Long Blades
  4612 | D:5      | Noticed Eustachio
  4646 | D:5      | Killed Eustachio
  4647 | D:5      | Reached skill level 11 in Long Blades
  4982 | D:5      | Reached XP level 8. HP: 59/64 MP: 7/7
  5643 | D:6      | Reached skill level 12 in Long Blades
  5824 | D:6      | Found a broken altar of Ashenzari.
  5828 | D:6      | Saw a vision of the Swamp and the Snake Pit.
  5828 | D:6      | Noticed a goliath frog
  5828 | D:6      | Noticed an alligator
  5828 | D:6      | Noticed an alligator
  5828 | D:6      | Noticed a goliath frog
  5828 | D:6      | Noticed a will-o-the-wisp
  5828 | D:6      | Noticed a goliath frog
  5828 | D:6      | Noticed an alligator
  5828 | D:6      | Noticed a naga mage
  5828 | D:6      | Noticed a black mamba
  5828 | D:6      | Noticed a naga ritualist
  5828 | D:6      | Noticed a black mamba
  5828 | D:6      | Noticed a black mamba
  5828 | D:6      | Noticed a black mamba
  5828 | D:6      | Noticed a naga ritualist
  5829 | D:6      | Noticed a salamander
  5832 | D:6      | Noticed a naga warrior
  5982 | D:6      | Reached skill level 13 in Long Blades
  5983 | D:6      | Reached *** piety under Trog
  6824 | D:2      | Bought a pair of glowing boots for 157 gold pieces
  7105 | D:7      | Noticed a hornet
  7127 | D:7      | Reached XP level 9. HP: 59/70 MP: 8/8
  7128 | D:7      | Reached skill level 14 in Long Blades
  7558 | D:7      | Reached skill level 15 in Long Blades
  7887 | D:7      | Found a staircase to the Ecumenical Temple.
  7897 | Temple   | Entered the Ecumenical Temple
  8296 | D:8      | Reached skill level 1 in Throwing
  8300 | D:8      | Found a hide-covered altar of Uskayaw.
  8306 | D:8      | Reached skill level 16 in Long Blades
  8421 | D:8      | Found a flagged portal.
  8597 | Bailey   | Entered a bailey
  8709 | Bailey   | Mangled by an orc warrior

Illustrated notes

Levels and vault maps discovered:
D:1:      enne_arrival_octagon_isle, layout_basic
D:2:      layout_basic, serial_shops, nicolae_lakefront_shop,
          nicolae_square_shop, shop
D:3:      layout_basic, mainiacjoe_overflow_paths, overflow_temple_1_default
D:4:      layout_cave_pods, okawaru_altar_gauntlet_db,
          nicolae_qazlal_style_of_elements, serial_glass, glass_columns_c,
          glass_columns_a
D:5:      layout_basic, hangedman_abyss_or_decor_stagger, uniq_eustachio
D:6:      layout_cave_pods, grunt_ashenzari_visionary
          [grunt_ashenzari_visionary_swamp, grunt_ashenzari_visionary_snake]
D:7:      layout_loops_ring, minmay_temple_entry_poolview,
          minmay_increasing_density
D:8:      layout_layer_cave, eat_drink_and_be_merry_uskayaw, enter_bailey_2,
          enter_ossuary_2
Temple:   minmay_temple_curvy_loop
Bailey:   bailey_polearm_1, bailey

Skill      XL: |  1  2  3  4  5  6  7  8  9 |
---------------+----------------------------+-----
Long Blades    | 4 5 6 7 8 9 11 13 16 | 16.4
Shields        | 1 2 3 |  3.0
Throwing       | 1 |  1.6
Armour         | 3 |  3.2
Fighting       | |  3.6
Dodging        | |  2.1

Action                   |  1- 3 |  4- 6 |  7- 9 || total
-------------------------+-------+-------+-------++-------
Melee: Falchion          |    87 |    82 |   202 ||   371
       Headbutt          |    10 |    15 |    58 ||    83
       Great sword       |       |       |    92 ||    92
Invok: Trog's Hand       |       |     5 |     8 ||    13
       Berserk           |       |     4 |     3 ||     7
  Use: Scroll            |     3 |     3 |    11 ||    17
       Potion            |       |       |     2 ||     2
Armor: Animal skin       |    14 |     5 |       ||    19
       Leather armour    |       |    16 |    64 ||    80
Dodge: Dodged            |    46 |    57 |   184 ||   287
Block: Other             |     3 |    27 |    58 ||    88
       Reflection        |       |     4 |     2 ||     6

Table legend: (Time is in decaauts)
 A = Elapsed time spent in this place.
 B = Non-inter-level travel time spent in this place.
 C = Inter-level travel time spent in this place.
 D = Time resting spent in this place.
 E = Time spent auto-exploring this place.
 F = Levels seen in this place.
 G = Mean time per level.
                   A        B        C        D        E       F      G
               +--------+--------+--------+--------+--------+-----+--------+
         Total |   8737 |   7121 |   1616 |      0 |   5847 |  10 |  873.7 |
       Dungeon |   8608 |   7008 |   1600 |      0 |   5752 |   8 | 1076.0 |
        Temple |     17 |      1 |     16 |      0 |      0 |   1 |   17.0 |
        Bailey |    111 |    111 |      0 |      0 |     95 |   1 |  111.0 |
               +--------+--------+--------+--------+--------+-----+--------+

Top non-repeatable levels by time:
     D:5: 1477 daAuts
     D:4: 1355 daAuts
     D:7: 1337 daAuts
     D:1: 1329 daAuts
     D:6: 1203 daAuts
     D:2: 854 daAuts
     D:3: 734 daAuts
     D:8: 316 daAuts
  Bailey: 111 daAuts
  Temple: 17 daAuts
